 Dungeon Crawl Stone Soup version 0.23.2-1-ga50397a6bc (webtiles) character file.

Game seed: 15568472161052892700

93 Menchi the Sneak (level 4, 0/42 HPs)
             Began as a Naga Assassin on May 16, 2019.
             Slain by an adder (2 damage)
             ... on level 2 of the Dungeon.
             The game lasted 00:03:24 (1927 turns).

Menchi the Sneak (Naga Assassin)                    Turns: 1927, Time: 00:03:25

Health: 0/42       AC:  3    Str: 13    XL:     4   Next: 61%
Magic:  4/4        EV:  9    Int: 12    God:
Gold:   23         SH:  0    Dex: 13    Spells: 3/3 levels left

rFire    . . .     SeeInvis +   a - +2 dagger
rCold    . . .     Gourm    .   (no shield)
rNeg     . . .     Faith    .   c - +0 robe
rPois    +         Spirit   .   (no helmet)
rElec    .         Reflect  .   d - +0 cloak
rCorr    .         Harm     .   (no gloves)
MR       .....                  (no barding)
Stlth    +++.......             (no amulet)
HPRegen  0.14/turn              (no ring)
MPRegen  0.09/turn              (no ring)

@: lethally poisoned (0 -> -2), very slow
A: large, see invisible, deformed body, poison resistance, slowness 2, slow
metabolism 1, spit poison 1, AC +1
a: Spit Poison


You were on level 2 of the Dungeon.
You were not hungry.

You visited 1 branch of the dungeon, and saw 2 of its levels.

You collected 23 gold pieces.

Inventory:

Hand Weapons
 a - a +2 dagger (weapon)
Missiles
 e - 12 poisoned needles
Armour
 c - a +0 robe (worn)
 d - a +0 cloak (worn)
 j - a +0 large shield
Jewellery
 k - an uncursed ring of protection from cold {unknown}
Scrolls
 h - 5 scrolls of identify {unknown}
 m - 2 scrolls of teleportation {unknown}
 o - a scroll of immolation {unknown}
 p - a scroll of fog {unknown}
 q - a scroll of amnesia {unknown}
 r - a scroll of enchant weapon {unknown}
 u - a scroll of enchant armour {unknown}
 w - a scroll of magic mapping {unknown}
Potions
 b - a potion of berserk rage {unknown}
 f - a potion of flight {unknown}
 i - a potion of ambrosia {unknown}
 l - a potion of heal wounds {unknown}
 n - a potion of degeneration {unknown}
 t - a potion of cancellation {unknown}
 v - a potion of agility {unknown}
Comestibles
 g - 4 rations
 s - a chunk of flesh


   Skills:
 * Level 3.4 Fighting
 - Level 2.0 Short Blades
 - Level 1.7 Throwing
 - Level 0.7 Dodging
 + Level 6.8 Stealth
 * Level 1.5 Shields


You had 3 spell levels left.
You didn't know any spells.
Your spell library was empty.

Dungeon Overview and Level Annotations

Branches:
Dungeon (2/15)

Altars:


Innate Abilities, Weirdness & Mutations

You cannot wear boots.
Your serpentine skin is tough. (AC +1)
You have supernaturally acute eyesight. (SInv)
Armour fits poorly on your strangely shaped body.
Your system is resistant to poisons. (rPois)
You cover ground very slowly.
You have a slow metabolism.
You can spit poison.


Message History

You feel sick. The adder barely misses you.
You hit the adder.
The adder is heavily wounded.
The adder barely misses you.
You hit the adder.
The adder is severely wounded.
You feel sick. The adder barely misses you. The adder bites you.
* * * LOW HITPOINT WARNING * * *
You hit the adder.
The adder is almost dead.
The adder bites you.
* * * LOW HITPOINT WARNING * * *
You closely miss the adder.
The adder is almost dead.
The adder barely misses you.
You barely miss the adder.
The adder is almost dead.
* * * LOW HITPOINT WARNING * * *
You feel sick. The adder bites you.
You die...

###########
.#....# ##.##.#.#
#.##.##.#######
#).#รท)#.......#
##.##.##.#####.#
#.b#..##.#
##S##.##.####
#@##.##.....# #
#.....##.##<# .#
########.##.##.##
#........#
#........#
##.#.###.# #.#)#
#.# #.#.# #.#
#...# #.#


You could see an adder and a bat.

Vanquished Creatures
  3 adders (D:2)
  A gnoll (D:1)
  A dart slug (D:2)
  4 leopard geckos (D:2)
  A giant cockroach (D:1)
  7 goblins
  6 hobgoblins
  2 jackals (D:1)
  7 bats
  4 frilled lizards
  9 kobolds
  5 rats
50 creatures vanquished.

Notes
Turn   | Place    | Note
-------+----------+-------------------------------------------
     0 | D:1      | Menchi the Naga Assassin began the quest for the Orb.
     0 | D:1      | Reached XP level 1. HP: 19/19 MP: 1/1
   199 | D:1      | Reached skill level 6 in Stealth
   245 | D:1      | Reached XP level 2. HP: 21/27 MP: 2/2
   516 | D:1      | Reached XP level 3. HP: 26/33 MP: 3/3
   911 | D:2      | Reached skill level 1 in Shields
  1285 | D:2      | Reached XP level 4. HP: 18/42 MP: 4/4
  1927 | D:2      | HP: 2/42 [poisoned by an adder]
  1927 | D:2      | Slain by an adder

Skill      XL: |  1  2  3 |
---------------+----------+-----
Stealth        | 6 |  6.8
Shields        | 1 |  1.5
Fighting       | 3 |  3.4
Short Blades   | |  2.0
Throwing       | |  1.7
Dodging        | |  0.7

Action                   |  1- 3 |  4- 6 || total
-------------------------+-------+-------++-------
Melee: Dagger            |   115 |    48 ||   163
 Abil: Spit Poison       |     1 |     1 ||     2
 Stab: Sleeping          |     6 |     4 ||    10
       Distracted        |       |     1 ||     1
  Eat: Chunk             |     1 |     1 ||     2
Armor: Robe              |    36 |     7 ||    43
Dodge: Dodged            |    60 |    22 ||    82
